 Dungeon Crawl Stone Soup version 0.28.0-43-g3370ac3207 (webtiles) character file.

Game seed: 1942792311174613462

46 Descartes the Sneak (level 3, 0/17 HPs)
             Began as a Felid Wanderer on Mar 22, 2022.
             Was a Follower of Wu Jian.
             Slain by a hound (4 damage)
             ... on level 4 of the Dungeon.
             The game lasted 00:06:43 (4681 turns).

Descartes the Sneak (Felid Wanderer)                Turns: 4681, Time: 00:06:43

Health: 0/17       AC:  1    Str:  6    XL:     3   Next: 46%
Magic:  14/14      EV: 17    Int: 20    God:    Wu Jian [*.....]
Gold:   133        SH:  0    Dex: 18    Spells: 0/4 levels left
                                        Lives:  0   Deaths: 1

rFire   . . .      SeeInvis +     - Unarmed
rCold   . . .      Faith    .   (shield unavailable)
rNeg    . . .      Spirit   .   (armour unavailable)
rPois   .          Reflect  .   (helmet unavailable)
rElec   .          Harm     .   (cloak unavailable)
rCorr   .          Rampage  .   (gloves unavailable)
Will    .....                   (boots unavailable)
Stlth   +++.......              (no amulet)
HPRegen 0.05/turn               f - ring of magical power
MPRegen 0.14/turn               j - +6 ring of intelligence

@: quick
A: very small, claws 1, fangs 3, see invisible, speed 1, shaggy fur 1, stealthy
paws, no weapons or thrown items, no armour, multi-lived
a: Renounce Religion


You were on level 4 of the Dungeon.
You worshipped Wu Jian.
Wu Jian was aware of your devotion.
You visited 1 branch of the dungeon, and saw 4 of its levels.

You collected 133 gold pieces.

Inventory:

Missiles
 c - 140 stones
Jewellery
 f - a ring of magical power (left paw)
 j - a +6 ring of intelligence (right paw)
 k - a ring of positive energy
Wands
 m - a wand of charming (10)
Scrolls
 a - a scroll of blinking
 b - a scroll of fear
 d - 3 scrolls of fog {unknown}
 g - 4 scrolls of identify {unknown}
 h - a scroll of amnesia {unknown}
 l - a scroll of teleportation {unknown}
Potions
 e - a potion of lignification {unknown}
 i - 2 potions of haste {unknown}
 n - a potion of brilliance {unknown}
 o - a potion of mutation {unknown}


   Skills:
 - Level 3.0 Fighting
 * Level 2.5 Dodging
 * Level 3.9 Stealth
 * Level 3.6 Unarmed Combat
 - Level 1.0 Spellcasting
 + Level 0.6 Hexes
 + Level 1.9 Translocations
 + Level 1.5 Transmutations
 + Level 0.4 Poison Magic
 + Level 0.2 Evocations


You couldn't memorise any spells.
You knew the following spells:

 Your Spells              Type           Power      Damage    Failure   Level
a - Sting                 Tmut/Pois      16%        1d3       12%         1
b - Spider Form           Tmut/Pois      4%         N/A       34%         3

Your spell library contained the following spells:

 Spells                   Type           Power      Damage    Failure   Level
 Apportation              Tloc           16%        N/A       8%          1
 Magic Dart               Conj           4%         1d3       17%         1
 Searing Ray              Conj           2%         2d4       26%         2
 Confusing Touch          Hex            3%         N/A       36%         3
 Fulminant Prism          Conj/Hex       1%         3d6       83%         4
 Alistair's Intoxication  Tmut/Pois      2%         N/A       97%         5
 Yara's Violent Unravell  Hex/Tmut       2%         3d3       97%         5
 Enfeeble                 Hex            1%         N/A       100%        7


Dungeon Overview and Level Annotations

Branches:
Dungeon (4/15)
 Temple: D:4-7

Altars:
Ashenzari
Wu Jian

Shops:
D:2 *


Innate Abilities, Weirdness & Mutations

You have sharp claws.
You have razor-sharp teeth.
You have supernaturally acute eyesight. (SInv)
You cover ground quickly. (Speed+)
You are covered in fur. (AC +1)
Your paws help you pounce on unaware monsters.
You are incapable of wielding weapons or throwing items.
You cannot wear armour.
You gain extra lives every three experience levels.


Message History

You scratch the orc wizard but do no damage.
The orc wizard is almost dead.
The orc wizard misses you.
You barely miss the orc wizard.
The orc wizard is almost dead.
The orc hits you with a +0 short sword. The orc wizard completely misses you.
You spin to attack the orc, but your attack speed is too slow for a blow to land.
The orc completely misses you.
The orc wizard gestures at you while chanting.
You are confused.
You feel less confused. The orc misses you.
You lunge at the orc.
You scratch the orc.
The orc is severely wounded.
The orc barely misses you.
You barely miss the orc.
The orc is severely wounded.
You claw the orc!
You kill the orc!
The Council accepts your kill.
You miss the hound. The hound closely misses you. The hound misses you.
You barely miss the hound. The hound bites you.
You scratch the hound.
The hound is moderately wounded.
The hound bites you but does no damage.
You closely miss the hound.
The hound is moderately wounded.
The hound bites you. The hound barely misses you.
You scratch the hound but do no damage.
The hound is moderately wounded.
The hound misses you.
You scratch the hound.
The hound is moderately wounded.
The hound misses you.
You scratch the hound.
The hound is heavily wounded.
The hound bites you.
* * * LOW HITPOINT WARNING * * *
The hound bites you.
You die...

.# #...................
.#
.####.###.##...........#
.# ......#
#†##.######.##.#..#
####### #.##.#
##.##.#..# ######.##.#
#h...o...# #........[#
#.###.#.## #.####.####
#.# #.# # #.#
#####.###.#.# #.#
#..@h.......# ##.##
#.###.#...###
##...###.###.#.###
#............#†#
#<.....#.#####)#
#......#.# #.#
##...#.#.# #.# ##.##.#.#
#.# #.##.#.# #.#


You could see a hound.

Vanquished Creatures
  An iguana (D:4)
  A worm (D:3)
  A dart slug (D:1)
  4 orcs
  3 ball pythons
  4 bats
  8 endoplasms
  2 giant cockroaches
  5 goblins
  6 hobgoblins
  3 jackals (D:2)
  2 quokkas
  4 frilled lizards
  10 kobolds
  3 rats (D:1)
57 creatures vanquished.

Notes
Turn   | Place    | Note
-------+----------+-------------------------------------------
     0 | D:1      | Descartes the Felid Wanderer began the quest for the Orb.
     0 | D:1      | Descartes set off with the following items: a scroll of
                  | blinking, a scroll of fear; and the following spell
                  | memorised: Sting; and the following spells available to
                  | memorise: Spider Form
     0 | D:1      | Reached XP level 1. HP: 10/10 MP: 3/3
   127 | D:1      | Reached skill level 1 in Dodging
   127 | D:1      | Reached XP level 2. HP: 14/14 MP: 4/4
   615 | D:1      | Reached skill level 1 in Translocations
  1303 | D:2      | Found Woym Jymp's Assorted Antiques.
  1380 | D:2      | Reached XP level 3. HP: 7/17 MP: 5/5
  2434 | D:3      | Found a broken altar of Ashenzari.
  2618 | D:3      | Learned a level 3 spell: Spider Form
  3536 | D:3      | Found a faded altar of an unknown god.
  3543 | D:3      | Prayed at the altar of an unknown god.
  3543 | D:3      | Became a worshipper of the Wu Jian Council
  3543 | D:3      | Reached * piety under Wu Jian
  4550 | D:4      | Reached XP level 4. HP: 21/21 MP: 6/6
  4641 | D:4      | HP: 1/21 [orc wizard/+0 dagger (4)]
  4644 | D:4      | Slain by an orc wizard
  4645 | D:4      | Reached XP level 3. HP: -2/17 MP: 14/14
  4681 | D:4      | Slain by a hound

Illustrated notes

Levels and vault maps discovered:
D:1:      dpeg_arrival_round_b, layout_loops_ring
D:2:      layout_rooms, serial_shops, shop
D:3:      layout_loops_ring, evilmike_ruin_ashenzari,
          nicolae_ecumenical_lake_church, serial_park_tiny_2,
          minmay_pentomino_pile
D:4:      layout_loops_ring, serial_shops, nicolae_shop_overgrown_old_shop

Skill      XL: |  1  2  3 |
---------------+----------+-----
Stealth        | 3 |  3.9
Dodging        | 1 2 |  2.5
Translocations | 1 |  1.9
Fighting       | |  3.0
Unarmed Combat | |  3.6
Spellcasting   | |  1.0
Hexes          | |  0.6
Transmutations | |  1.5
Poison Magic   | |  0.4
Evocations     | |  0.2

Action                   |  1- 3 |  4- 6 || total
-------------------------+-------+-------++-------
Melee: Unarmed           |   177 |    18 ||   195
       Bite              |    21 |       ||    21
       Punch             |     3 |       ||     3
Invok: Whirlwind         |     4 |       ||     4
       Lunge             |     3 |     1 ||     4
 Stab: Sleeping          |    17 |     1 ||    18
Armor: Skin              |     8 |       ||     8
Dodge: Dodged            |   117 |     8 ||   125
